 Dungeon Crawl Stone Soup version 0.31-a0-851-g7ff8af7976 (webtiles) character file.

Game seed: 12114935236648831793

530 CrazyBamboolord the Changeling (level 7, 0/51 HPs)
             Began as a Demonspawn Shapeshifter on Oct 7, 2023.
             Was an Initiate of Ru.
             Succumbed to a killer bee's poison
             ... on level 5 of the Dungeon.
             The game lasted 00:06:24 (3740 turns).

CrazyBamboolord the Changeling (DsSh)               Turns: 3740, Time: 00:06:25

Health: 0/51       AC:  5    Str: 16    XL:     7   Next: 3%
Magic:  7/7        EV: 12    Int: 12    God:    Ru [......]
Gold:   218        SH:  4    Dex: 21    Spells: 6/6 levels left

rFire   . .          .
                       - Unarmed
rCold   . . .        (no shield)
rNeg    . . .        i - +0 ring mail "Dadukhocwucu" {Dex+3}
rPois   .            (helmet currently unavailable)
rElec   .            (cloak currently unavailable)
rCorr   .            (gloves currently unavailable)
SInv    .            (boots currently unavailable)
Will    .....        (no amulet)
Stlth   +            p - +6 ring of dexterity
HPRegen 0.28/turn    (no ring)
MPRegen 0.10/turn

%: no passive effects
@: lethally poisoned (0 -> -4), beast-form
A: beast (slay +3), large bone plates 1, demonic guardian 2, antennae 1
a: Begin Untransformation, Renounce Religion


You were on level 5 of the Dungeon.
You worshipped Ru.
Ru was noncommittal.
You were a hulking beast.
You visited 1 branch of the dungeon, and saw 5 of its levels.

You collected 218 gold pieces.

Inventory:

Armour
 i - the +0 ring mail "Dadukhocwucu" (worn) {Dex+3}
   (You took it off a kobold on level 2 of the Dungeon)

   Dex+3:     It affects your dexterity (+3).
 k - a +0 cloak
Jewellery
 p - a +6 ring of dexterity (left hand)
Talismans
 c - a beast talisman (active)
 d - a flux talisman
 w - a maw talisman
Wands
 j - a wand of iceblast (5)
Scrolls
 a - a scroll of teleportation
 b - a scroll of fog
 e - a scroll of immolation {unknown}
 g - a scroll of enchant armour
 h - a scroll of revelation
 l - a scroll of summoning {unknown}
 r - a scroll of acquirement {unknown}
 s - a scroll of vulnerability {unknown}
 t - a scroll of poison {unknown}
Potions
 m - 3 potions of enlightenment
 q - a potion of magic


   Skills:
 + Level 2.3 Fighting
 + Level 2.7 Dodging
 + Level 3.4 Unarmed Combat
 + Level 5.9 Shapeshifting


You had 6 spell levels left.
You didn't know any spells.
Your spell library contained the following spells:

 Spells                   Type           Power      Damage    Failure   Level
 Freeze                   Ice            0%         1d3       54%         1
 Sting                    Tmut/Pois      0%         1d3       54%         1
 Poisonous Vapours        Pois/Air       0%         N/A       67%         2
 Frozen Ramparts          Ice            0%         1d1       88%         3
 Hailstorm                Conj/Ice       0%         3d3       88%         3
 Animate Dead             Necr           0%         N/A       99%         4
 Olgreb's Toxic Radiance  Pois           0%         N/A       99%         4
 Petrify                  Tmut/Erth      0%         N/A       99%         4
 Borgnjor's Vile Clutch   Necr/Erth      0%         N/A       100%        5
 Metabolic Englaciation   Hex/Ice        0%         N/A       100%        5
 Death Channel            Necr           0%         N/A       100%        6


Dungeon Overview and Level Annotations

Branches:
Dungeon (5/15)             Temple (0/1) D:4

Altars:
Cheibriados
Nemelex Xobeh
Okawaru
Qazlal
Ru
Trog

Shops:
D:2 !


Innate Abilities, Weirdness & Mutations

You are a hulking beast.
Your limbs bulge with bestial killing power. (Slay +3)
You are partially covered in large bone plates. (SH +4)
A demonic guardian rushes to your aid.
You have a pair of small antennae on your head.


Message History

The killer bee barely misses you.
Unknown command.
You hit the killer bee.
The killer bee is moderately wounded.
You feel sick. The killer bee stings you.
* * * LOW HITPOINT WARNING * * *
You are more poisoned.
The killer bee poisons you!
Unknown command.
You hit the killer bee.
The killer bee is severely wounded.
* * * LOW HITPOINT WARNING * * *
You feel very sick. You block the killer bee's attack.
The killer bee closely misses you.
Unknown command.
You closely miss the killer bee.
The killer bee is severely wounded.
* * * LOW HITPOINT WARNING * * *
You feel sick. You block the killer bee's attack. The killer bee misses you.
Unknown command.
You barely miss the killer bee. Your punch misses the killer bee.
The killer bee is severely wounded.
* * * LOW HITPOINT WARNING * * *
You feel sick.
The killer bee stings you but does no damage.
The killer bee stings you.
* * * LOW HITPOINT WARNING * * *
A demonic guardian appears!
You barely miss the killer bee.
The killer bee is severely wounded.
Your surroundings suddenly seem different.
An iguana, a killer bee and a white imp come into view.
* * * LOW HITPOINT WARNING * * *
You feel sick.
The killer bee buzzes angrily.
The white imp shouts, "Return whence thou came, thou mangled nut-hook erk!"
The killer bee buzzes angrily.
You hear an angry buzzing noise.
You hear a bark!
A worm comes into view.
You die...

#.#.#
#.#y#
#.#.#
#####.#y#
#.......#
#.......#
#.......#
#...l5..#
#......h#
#.......#
........#
........#
......#.#
......#.#
##.##....
#. #w...


You could see a worm (wandering), an iguana, 2 killer bees and a white imp.

Vanquished Creatures
  2 scorpions
  A howler monkey (D:4)
  2 hounds (D:4)
  A jelly (D:5)
  Jessica (D:2)
  An orc wizard (D:3)
  5 adders
  A worm (D:2)
  A dart slug (D:3)
  4 orcs
  8 bats
  8 endoplasms
  A giant cockroach (D:4)
  9 goblins
  5 hobgoblins
  5 jackals
  3 quokkas
  12 ball pythons
  3 frilled lizards
  8 kobolds
  6 rats
87 creatures vanquished.

Vanquished Creatures (collateral kills)
  A killer bee (D:5)
  A jelly (D:5)
  An iguana (D:4)
  A worm (D:3)
  A ball python (D:1)
  A quokka (D:1)
  A kobold (D:1)
7 creatures vanquished.

Grand Total: 94 creatures vanquished

Notes
Turn   | Place    | Note
-------+----------+-------------------------------------------
     0 | D:1      | CrazyBamboolord the Demonspawn Shapeshifter began the quest
                  | for the Orb.
     0 | D:1      | Reached XP level 1. HP: 15/15 MP: 1/1
    39 | D:1      | Reached skill level 3 in Shapeshifting
    50 | D:1      | HP: 1/22 [kobold/+0 short sword (1)]
    53 | D:1      | Gained mutation: A weak demonic guardian rushes to your
                  | aid. [demonic ancestry]
    53 | D:1      | Reached XP level 2. HP: 3/21 MP: 2/2
   499 | D:1      | Reached XP level 3. HP: 22/26 MP: 3/3
   750 | D:2      | Found Faizuxze's Distillery.
   885 | D:2      | Identified the +0 ring mail "Dadukhocwucu" {Dex+3}
   971 | D:2      | Noticed Jessica
   984 | D:2      | Reached skill level 4 in Shapeshifting
   987 | D:2      | Killed Jessica
   988 | D:2      | Reached XP level 4. HP: 4/32 MP: 4/4
  2287 | D:3      | Gained mutation: You are partially covered in large bone
                  | plates. (SH +4) [demonic ancestry]
  2287 | D:3      | Reached XP level 5. HP: 37/37 MP: 5/5
  2354 | D:3      | Reached skill level 5 in Shapeshifting
  2486 | D:3      | Found an iron altar of Okawaru.
  2488 | D:3      | Found a stormy altar of Qazlal.
  2488 | D:3      | Found a sparkling altar of Nemelex Xobeh.
  2488 | D:3      | Found a snail-covered altar of Cheibriados.
  2492 | D:3      | Found a bloodstained altar of Trog.
  2493 | D:3      | Found a sacrificial altar of Ru.
  2512 | D:3      | Became a worshipper of Ru the Awakened
  2720 | D:4      | Gained mutation: A demonic guardian rushes to your aid.
                  | [demonic ancestry]
  2720 | D:4      | Reached XP level 6. HP: 13/43 MP: 6/6
  3331 | D:4      | Found a staircase to the Ecumenical Temple.
  3545 | D:5      | Entered Level 5 of the Dungeon
  3579 | D:5      | Gained mutation: You expend magic power (3 MP) to
                  | strengthen your wands. [potion of mutation]
  3579 | D:5      | Gained mutation: You have a pair of small antennae on your
                  | head. [potion of mutation]
  3579 | D:5      | Lost mutation: You expend magic power (3 MP) to strengthen
                  | your wands. [potion of mutation]
  3579 | D:5      | HP: 1/44 [poisoned by a killer bee]
  3591 | D:5      | Reached XP level 7. HP: 15/51 MP: 7/7
  3739 | D:5      | HP: 1/51 [poisoned by a killer bee]
  3740 | D:5      | Succumbed to a killer bee's poison

Illustrated notes

Levels and vault maps discovered:
D:1:      matt_arrival_los_fun, layout_rooms
D:2:      minmay_chambers_of_ones, layout_basic, serial_shops, shop,
          uniq_jessica
D:3:      layout_rooms, minitemple, minmay_fractal_squares_5
D:4:      minmay_chambers_of_fours, layout_basic, minmay_temple_entry_offerings
D:5:      layout_basic, feat_on_display

Skill      XL: |  1  2  3  4  5  6 |
---------------+-------------------+-----
Shapeshifting  | 3 4 5 |  5.9
Dodging        | 2 |  2.7
Unarmed Combat | 3 |  3.4
Fighting       | 2 |  2.3

Action                     |  1- 3 |  4- 6 |  7- 9 || total
---------------------------+-------+-------+-------++-------
  Melee: Unarmed           |   111 |   169 |    17 ||   297
         Punch             |     3 |     1 |       ||     4
  Evoke: Wand              |       |     1 |       ||     1
    Use: Potion            |     1 |     4 |     2 ||     7
         Scroll            |     2 |     3 |     1 ||     6
   Stab: Distracted        |     2 |       |       ||     2
 Armour: Animal skin       |    42 |       |       ||    42
         Skin              |     5 |       |       ||     5
         Ring mail         |    11 |    86 |    17 ||   114
  Dodge: Dodged            |    60 |   108 |    16 ||   184
  Block: Other             |       |    21 |     6 ||    27

Table legend: (Time is in decaauts)
 A = Elapsed time spent in this place.
 B = Non-inter-level travel time spent in this place.
 C = Inter-level travel time spent in this place.
 D = Time resting spent in this place.
 E = Time spent auto-exploring this place.
 F = Levels seen in this place.
 G = Mean time per level.
                   A        B        C        D        E       F      G
               +--------+--------+--------+--------+--------+-----+--------+
         Total |   3724 |   3605 |    119 |    531 |   2341 |   5 |  744.8 |
       Dungeon |   3724 |   3605 |    119 |    531 |   2341 |   5 |  744.8 |
               +--------+--------+--------+--------+--------+-----+--------+

Top non-repeatable levels by time:
     D:2: 1137 daAuts
     D:4: 1134 daAuts
     D:1: 746 daAuts
     D:3: 640 daAuts
     D:5: 66 daAuts
